[Event "fics rated crazyhouse match"]
[Site "fics, Oklahoma City, OK USA"]
[Date "2000.02.12"]
[White "Thufir"]
[WhiteElo "2311"]
[Black "Lomboc"]
[BlackElo "2135"]
[TimeControl "60+0"]
[Result "1-0"]

1. e4 e5 2. Nf3 Nc6 3. Bc4 Nf6 4. Nc3 Bc5 5. d3 O-O 6. Bg5 
Be7 7. O-O d6 8. h3 Be6 9. Bxe6 fxe6 10. B@b3 B@d7 11. Bd2 Kh8 
12. Ng5 Nd4 13. Bxe6 Nxe6 14. Nxe6 Bxe6 15. P@f5 Bf7 16. N@g5 B@e8 17. f4 
exf4 18. Bxf4 P@e5 19. Bd2 Nd7 20. Nxf7+ Bxf7 21. P@e6 Nf6 22. exf7 Rxf7 
23. B@e6 Rf8 24. B@g5 P@f7 25. Bxf6 Bxf6 26. Bxf7 Rxf7 27. P@g6 Rf8 28. gxh7 
B@e8 29. P@g6 B@g5 30. N@e6 Qe7 31. Nxf8 Qxf8 32. Bxg5 Bxg5 33. R@g8+ Qxg8 
34. hxg8=Q+ Kxg8 35. B@h7+ Kf8 36. Q@g8+ Ke7 37. Qxg7+ Kd8 38. P@f7 B@d7 39. fxe8=Q+ 
Bxe8 40. B@f6+ P@e7 41. Bxg5 P@f2+ 42. Rxf2 N@c6 43. B@h4 N@c8 44. Bxe7+ N8xe7 
45. Bxe7+ Nxe7 46. N@e6+ Kd7 47. P@f6 N@a6 48. fxe7 
{Lomboc forfeits on time} 1-0

[Event "fics rated crazyhouse match"]
[Site "fics, Oklahoma City, OK USA"]
[Date "2000.02.12"]
[White "Lomboc"]
[WhiteElo "2131"]
[Black "Thufir"]
[BlackElo "2315"]
[TimeControl "60+0"]
[Result "0-1"]

1. d4 e6 2. Nc3 Nc6 3. e4 Nf6 4. e5 Nd5 5. Nxd5 exd5 6. Nf3 
d6 7. Bb5 Bd7 8. O-O dxe5 9. dxe5 Nxe5 10. Nxe5 Bxb5 11. P@d7+ Bxd7 
12. Nxd7 Qxd7 13. Re1+ P@e4 14. N@e5 Qd6 15. Bf4 B@e6 16. Ng6 hxg6 17. Bxd6 
Bxd6 18. B@g3 Bxg3 19. fxg3 P@f2+ 20. Kh1 fxe1=Q+ 21. Qxe1 B@b6 22. B@f2 P@f3 
23. gxf3 Bxf2 24. Qxf2 exf3 25. P@d7+ Bxd7 26. Q@e3+ P@e4 27. Qfxf3 N@f5 28. Qee2 
N@d4 29. Qfe3 Nxe2 30. Qxe2 Nxg3# 
{Lomboc forfeits on time} 0-1

[Event "fics rated crazyhouse match"]
[Site "fics, Oklahoma City, OK USA"]
[Date "2000.02.12"]
[White "Thufir"]
[WhiteElo "2319"]
[Black "Lomboc"]
[BlackElo "2127"]
[TimeControl "60+0"]
[Result "1-0"]

1. e4 d6 2. d4 Nf6 3. Nc3 Bg4 4. f3 Bd7 5. Be3 e5 6. d5 
Be7 7. Nge2 O-O 8. Ng3 c6 9. dxc6 bxc6 10. Bd2 P@b7 11. Be2 Qc7 
12. O-O Na6 13. Bxa6 bxa6 14. P@f5 B@b6+ 15. Kh1 Rad8 16. N@c4 Bc8 17. Nxb6 
axb6 18. B@g5 d5 19. Bxf6 Bxf6 20. exd5 cxd5 21. N@h5 B@e7 22. Nxf6+ Bxf6 
23. P@g5 Be7 24. f6 gxf6 25. gxf6 Bxf6 26. B@g5 P@g7 27. Bxf6 gxf6 28. P@g5 
P@g7 29. gxf6 gxf6 30. P@h6 P@e7 31. Be3 d4 32. Nce4 dxe3 33. Qxd8 Rxd8 
34. B@g7 N@g6 35. Nh5 N@e8 36. Bxf6 exf6 37. Nexf6+ Nxf6 38. Nxf6+ Kf8 39. R@g8+ 
Ke7 40. N@d5# 
{Lomboc forfeits on time} 1-0

[Event "fics rated crazyhouse match"]
[Site "fics, Oklahoma City, OK USA"]
[Date "2000.02.12"]
[White "Lomboc"]
[WhiteElo "2123"]
[Black "Thufir"]
[BlackElo "2323"]
[TimeControl "60+0"]
[Result "0-1"]

1. e4 e6 2. Nc3 Nc6 3. d4 Nf6 4. e5 Nd5 5. Nf3 d6 6. Bd2 
dxe5 7. dxe5 P@g4 8. P@b5 gxf3 9. bxc6 fxg2 10. Bxg2 bxc6 11. Nxd5 exd5 
12. N@g5 N@h4 13. Rg1 N@c4 14. Nxf7 Kxf7 15. N@g5+ Ke8 16. Qh5+ N@g6 17. P@f7+ 
Ke7 18. Bh3 Bxh3 19. Nxh3 Nxd2 20. B@g5+ P@f6 21. exf6+ gxf6 22. Bxd2 Kxf7 
23. P@f5 Qe7+ 24. P@e6+ Ke8 25. Rxg6 hxg6 26. Qxh8 Nf3+ 27. Kd1 R@f1+ 28. R@e1 
Nxe1 29. Bxe1 B@g4+ 30. N@e2 B@f3 31. N@g7+ Kd8 32. N@b7+ Kc8 33. Kd2 Bxe2 
34. Nf4 N@c4+ 35. Kc3 Qb4+ 36. Kd4 R@e4# 
{Lomboc checkmated} 0-1

[Event "fics rated crazyhouse match"]
[Site "fics, Oklahoma City, OK USA"]
[Date "2000.02.12"]
[White "Thufir"]
[WhiteElo "2327"]
[Black "Lomboc"]
[BlackElo "2119"]
[TimeControl "60+0"]
[Result "1-0"]

1. e4 e6 2. Nc3 Nf6 3. d4 d5 4. exd5 Nxd5 5. Bd3 Bb4 6. Bd2 
Nc6 7. Nf3 P@g4 8. Ne5 Nxd4 9. Qxg4 Bxc3 10. bxc3 Nxc2+ 11. Bxc2 P@g6 
12. P@h6 gxh6 13. N@g7+ Kf8 14. Bxh6 Kg8 15. B@d4 P@f6 16. Nf3 P@e5 17. Nxe5 
fxe5 18. Bxe5 f6 19. Nxe6 Bxe6 20. Qxe6+ N@f7 21. Bxf6 Nxf6 22. P@e7 B@d2+ 
23. Bxd2 Qd6 24. Qxd6 cxd6 25. B@f8 N@e6 26. B@h6 N@e4 27. Bxe4 Nxe4 28. O-O 
B@f3 29. gxf3 
{Lomboc forfeits on time} 1-0

[Event "fics rated crazyhouse match"]
[Site "fics, Oklahoma City, OK USA"]
[Date "2000.02.12"]
[White "Lomboc"]
[WhiteElo "2115"]
[Black "Thufir"]
[BlackElo "2331"]
[TimeControl "60+0"]
[Result "0-1"]

1. e4 e6 2. Nc3 Nc6 3. d4 Nf6 4. Nf3 Bb4 5. Bd3 d5 6. exd5 
exd5 7. Qe2+ P@e4 8. Bb5 Bg4 9. P@h3 Bxf3 10. gxf3 N@g2+ 11. Kd1 Bxc3 
12. bxc3 N@f4 13. Bxf4 Nxf4 14. Qd2 B@h6 15. B@e3 N6h5 16. B@g4 exf3 17. Bxh5 
P@e2+ 18. Kc1 Nxh5 19. Bxh6 gxh6 20. B@g4 B@g5 21. N@e3 Nf6 22. Bxf3 Ne4 
23. Bxe4 dxe4 24. N@g7+ Kf8 25. Ngf5 B@f6 26. Bxc6 bxc6 27. P@e5 B@a3+ 28. N@b2 
Bxe3 29. Qxe3 Bxb2+ 30. Kxb2 N@c4+ 31. Kb1 N@a3+ 32. Kc1 B@b2# 
{Lomboc checkmated} 0-1

[Event "fics rated crazyhouse match"]
[Site "fics, Oklahoma City, OK USA"]
[Date "2000.02.12"]
[White "Thufir"]
[WhiteElo "2335"]
[Black "Lomboc"]
[BlackElo "2111"]
[TimeControl "60+0"]
[Result "1-0"]

1. e4 e6 2. Nc3 d6 3. d4 Nf6 4. Nf3 Be7 5. Bd3 O-O 6. e5 
Nd5 7. Nxd5 exd5 8. N@h5 f6 9. exf6 Bxf6 10. Nxf6+ Qxf6 11. P@e5 Qe6 
12. B@f5 Qe7 13. Bxh7+ Kh8 14. P@h6 P@f5 15. hxg7+ Kxg7 16. P@f6+ Rxf6 17. Bg5 
N@f8 18. Bxf6+ Qxf6 19. exf6+ Kxf6 20. Q@g5+ Ke6 21. R@e7# 
{Lomboc checkmated} 1-0

[Event "fics rated crazyhouse match"]
[Site "fics, Oklahoma City, OK USA"]
[Date "2000.02.12"]
[White "Lomboc"]
[WhiteElo "2108"]
[Black "Thufir"]
[BlackElo "2338"]
[TimeControl "60+0"]
[Result "1-0"]

1. e4 e6 2. Nc3 Nc6 3. d4 Nf6 4. Nf3 Bb4 5. Bd3 d5 6. exd5 
exd5 7. Be2 Ne4 8. Bd2 Nxd2 9. Qxd2 Bxc3 10. bxc3 N@e4 11. Qe3 P@g4 
12. Ne5 Nxe5 13. dxe5 B@d2+ 14. Qxd2 Nxd2 15. Kxd2 N@e4+ 16. Ke1 Q@d2+ 17. Kf1 
Nxc3 18. B@d3 P@e4 19. N@h5 exd3 20. Nxg7+ Kf8 21. Ne6+ fxe6 22. P@g7+ Kxg7 
23. B@f6+ Kf7 24. N@g5+ Kg6 25. N@h4+ Kh5 26. Bxg4+ Kxg4 27. h3+ Kh5 28. P@g4+ 
Kh6 29. Nf7# 
{Thufir checkmated} 1-0

[Event "fics rated crazyhouse match"]
[Site "fics, Oklahoma City, OK USA"]
[Date "2000.02.12"]
[White "Thufir"]
[WhiteElo "2325"]
[Black "Lomboc"]
[BlackElo "2121"]
[TimeControl "60+0"]
[Result "1-0"]

1. e4 e6 2. Nc3 d6 3. d4 Ne7 4. Nf3 Nbc6 5. Bd3 d5 6. exd5 
exd5 7. Qe2 P@e4 8. Bxe4 dxe4 9. Nxe4 Nxd4 10. Nxd4 Qxd4 11. P@c3 Qd5 
12. N@f6+ gxf6 13. Nxf6+ Kd8 14. Nxd5 P@e6 15. Nxe7 Bxe7 16. P@g7 Rg8 17. N@e5 
B@g6 18. Nxg6 hxg6 19. B@h6 N@d5 20. P@h7 Re8 21. g8=Q Bd7 22. Qxf7 g5 
23. Qxe8+ Bxe8 24. h8=Q N@f4 25. P@f7 Kd7 26. fxe8=Q+ Rxe8 27. Bxf4 Nxf4 28. N@e5+ 
Kd6 29. Q@d4+ N@d5 30. B@c5# 
{Lomboc checkmated} 1-0

[Event "fics rated crazyhouse match"]
[Site "fics, Oklahoma City, OK USA"]
[Date "2000.02.12"]
[White "Lomboc"]
[WhiteElo "2117"]
[Black "Thufir"]
[BlackElo "2329"]
[TimeControl "60+0"]
[Result "1-0"]

1. e4 e6 2. Nc3 Nc6 3. d4 Nf6 4. Nf3 Bb4 5. e5 Ne4 6. Bd3 
d5 7. Bd2 Nxd2 8. Qxd2 B@e4 9. N@g1 Bxf3 10. Nxf3 N@e4 11. Nxe4 dxe4 
12. B@c3 Bxc3 13. bxc3 exf3 14. gxf3 N@g2+ 15. Kd1 N@b2+ 16. Ke2 B@h6 17. B@e3 
Nxe3 18. fxe3 Nxd3 19. cxd3 B@g2 20. Rhg1 Qg5 21. N@e1 Qxe3+ 22. Qxe3 Bxe3 
23. Kxe3 P@f4+ 24. Kf2 B@e3+ 25. Kxg2 Q@f2+ 26. Kh3 Qxg1 27. N@g2 R@h6+ 28. P@h4 
Qf2 29. B@g5 f6 30. Bxh6 gxh6 31. N@g7+ Kf7 32. exf6 B@f5+ 33. Nxf5 exf5 
34. Q@g7+ Ke6 35. R@e7+ Nxe7 36. Qxe7+ Kd5 37. B@c4# 
{Thufir forfeits on time} 1-0

[Event "fics rated crazyhouse match"]
[Site "fics, Oklahoma City, OK USA"]
[Date "2000.02.12"]
[White "Thufir"]
[WhiteElo "2317"]
[Black "Lomboc"]
[BlackElo "2129"]
[TimeControl "60+0"]
[Result "1-0"]

1. e4 e6 2. Nc3 d5 3. d4 dxe4 4. Nxe4 Nd7 5. Nf3 Ngf6 6. Bg5 
Be7 7. Bxf6 Nxf6 8. Nxf6+ Bxf6 9. P@e5 Be7 10. N@h5 Rg8 11. Bd3 P@f5 
12. O-O B@e4 13. Bxe4 fxe4 14. Nd2 B@g6 15. Nf4 Qxd4 16. Nxg6 hxg6 17. B@c3 
Qd5 18. N@f4 Qc6 19. f3 exf3 20. Qxf3 Qxf3 21. Nxf3 P@g5 22. Nxg6 N@e3 
23. P@h7 N@h3+ 24. Kh1 Q@g1+ 25. Nxg1 Nxg1 26. hxg8=Q+ N@f8 27. Qxf7# 
{Lomboc resigns} 1-0

[Event "fics rated crazyhouse match"]
[Site "fics, Oklahoma City, OK USA"]
[Date "2000.02.12"]
[White "Flesh"]
[WhiteElo "2204"]
[Black "roboRPETE"]
[BlackElo "2331"]
[TimeControl "0+1"]
[Result "0-1"]

1. e4 Nc6 2. d4 e6 3. d5 exd5 4. exd5 Qe7+ 5. Be2 Nb4 6. Bd2 
Nxd5 7. Nc3 Ngf6 8. Nxd5 Nxd5 9. Nf3 N@g4 10. O-O P@e3 11. fxe3 Ndxe3 
12. Bxe3 Nxe3 13. Qd3 B@f4 14. N@d5 Nxd5 15. Qxd5 Qxe2 16. Rae1 B@b6+ 17. P@d4 
Bxh2+ 18. Kxh2 N@g4+ 19. Kg3 Qe3 20. Rxe3+ Nxe3 21. Qxf7+ Kxf7 22. Ne5+ Ke8 
{Flesh forfeits on time} 0-1

[Event "fics rated crazyhouse match"]
[Site "fics, Oklahoma City, OK USA"]
[Date "2000.02.12"]
[White "roboRPETE"]
[WhiteElo "2336"]
[Black "Thufir"]
[BlackElo "2321"]
[TimeControl "0+1"]
[Result "1-0"]

1. e4 e6 2. d4 Nc6 3. Nc3 Nf6 4. e5 Nd5 5. Nxd5 exd5 6. N@e3 
d6 7. exd6 Bxd6 8. Nxd5 Be6 9. P@e4 Bxd5 10. exd5 Nb4 11. B@a4+ P@d7 
12. Qe2+ N@e7 13. P@e6 Nbxd5 14. Bxd7+ Kf8 15. P@e5 Bb4+ 16. c3 Ba5 17. Bg5 
P@f6 18. exf6 gxf6 19. Bh6+ P@g7 20. Bc1 fxe6 21. Bxe6 P@f7 22. Bxd5 Qxd5 
23. N@b3 Bb6 24. P@c5 B@c4 25. Qxc4 Qe4+ 26. Kd1 N@g4 27. B@g3 Bxc5 28. Nxc5 
Qc6 29. B@d7 Qb6 30. Bxg4 P@e6 31. N@d7+ Kg8 32. Nxb6 axb6 33. Nxb7 N@d6 
34. Qxc7 Re8 35. Nxd6 Rf8 36. Qxe7 g6 37. N@h6+ Kg7 38. Bxe6 g5 39. N@f5+ 
Kg6 40. Q@g7+ Kh5 41. P@g4# 
{Thufir checkmated} 1-0

[Event "fics rated crazyhouse match"]
[Site "fics, Oklahoma City, OK USA"]
[Date "2000.02.12"]
[White "Flesh"]
[WhiteElo "2204"]
[Black "Thufir"]
[BlackElo "2314"]
[TimeControl "60+0"]
[Result "1-0"]

1. e4 e6 2. d4 Nc6 3. Bg5 Be7 4. Bxe7 Qxe7 5. Nf3 d6 6. Nc3 
Nf6 7. e5 dxe5 8. dxe5 Nd5 9. P@d6 cxd6 10. exd6 Qxd6 11. Nxd5 exd5 
12. Bb5 Qb4+ 13. N@c3 B@a5 14. Bxc6+ bxc6 15. B@a3 Qe4+ 16. P@e3 Bxc3+ 17. bxc3 
P@c7 18. B@d3 Qg4 19. Rg1 P@e4 20. Ne5 Qxd1+ 21. Rxd1 B@e6 22. Q@e7# 
{Thufir checkmated} 1-0

[Event "fics rated crazyhouse match"]
[Site "fics, Oklahoma City, OK USA"]
[Date "2000.02.12"]
[White "Flesh"]
[WhiteElo "2208"]
[Black "Thufir"]
[BlackElo "2310"]
[TimeControl "60+0"]
[Result "0-1"]

1. e4 e6 2. d4 Nc6 3. Bg5 Qxg5 4. Nf3 Qf4 5. Nc3 B@b4 6. Be2 
Qxe4 7. O-O Bxc3 8. bxc3 N@f4 9. B@c5 Bxc5 10. dxc5 Nxe2+ 11. Qxe2 Qxe2 
12. Rae1 Qxc2 13. B@e4 Qxc3 14. Bxc6 bxc6 15. N@e4 Qa3 16. N@d6+ cxd6 17. Nxd6+ 
Kf8 18. Nxc8 Rxc8 19. P@d6 Nf6 20. B@e7+ Kg8 21. Bxf6 gxf6 22. N@e7+ Kg7 
23. Nxc8 Rxc8 24. Nh4 B@d5 25. R@g3+ P@g5 26. Rxa3 gxh4 27. Q@g4+ B@g5 28. Rh3 
B@f5 29. Qh5 Bxh3 30. f3 B@g6 31. Qxg5 fxg5 32. B@e7 Q@d4+ 33. Rf2 P@g3 
34. hxg3 hxg3 35. P@e3 Q@h2+ 36. Kf1 Bc4+ 37. Ree2 N@d2+ 38. Ke1 R@c1# 
{Flesh checkmated} 0-1

[Event "fics rated crazyhouse match"]
[Site "fics, Oklahoma City, OK USA"]
[Date "2000.02.12"]
[White "Thufir"]
[WhiteElo "2316"]
[Black "Flesh"]
[BlackElo "2202"]
[TimeControl "60+0"]
[Result "1-0"]

1. e4 d5 2. exd5 e6 3. Bb5+ Bd7 4. Bxd7+ Qxd7 5. dxe6 Qxe6+ 6. P@e3 
B@e4 7. f3 Bxc2 8. Qxc2 Nf6 9. Nc3 Nc6 10. P@g5 Nd5 11. Nxd5 Qxd5 
12. B@e4 P@d3 13. Bxd5 dxc2 14. Bxf7+ Kxf7 15. B@b3+ P@e6 16. Bxc2 Rd8 17. g6+ 
hxg6 18. N@g5+ Ke7 19. Q@f7+ Kd6 20. Qxe6+ Kc5 21. P@d4+ Kb6 22. P@c5+ Ka6 
23. Bd3+ P@b5 24. Bxb5+ Kxb5 25. Qb3+ B@b4 26. P@c4+ Ka6 27. P@b5+ Ka5 28. a3 
N@d3+ 29. Ke2 Bfxc5 30. axb4+ Kb6 31. bxc5+ Nxc5 32. dxc5+ Kxc5 33. N@e4+ Kb6 
34. B@c5# 
{Flesh checkmated} 1-0

[Event "fics rated crazyhouse match"]
[Site "fics, Oklahoma City, OK USA"]
[Date "2000.02.12"]
[White "Flesh"]
[WhiteElo "2197"]
[Black "Thufir"]
[BlackElo "2321"]
[TimeControl "60+0"]
[Result "0-1"]

1. e4 e6 2. d4 Nc6 3. Nc3 Nf6 4. Nf3 Bb4 5. Bg5 Nxe4 6. Bxd8 
Nxc3 7. bxc3 Bxc3+ 8. N@d2 Kxd8 9. Bb5 B@a5 10. Bxc6 bxc6 11. N@e5 B@g6 
12. Nxg6 hxg6 13. B@e5 P@f6 14. Bxc7+ Bxc7 15. P@c5 P@e7 16. Rb1 N@f4 17. O-O 
B@e2 18. Qe1 Bxf1 19. Qxf1 N@e2+ 20. Kh1 Bxd2 21. B@g3 Nxg3+ 22. fxg3 B@e2 
23. Qf2 Bxf3 24. gxf4 Bxg2+ 25. Qxg2 P@h3 26. Qf2 Bcxf4 27. B@d6 P@g2+ 28. Qxg2 
hxg2+ 29. Kxg2 N@e3+ 30. Kf3 Q@g2+ 31. Kxf4 R@e4# 
{Flesh checkmated} 0-1

[Event "fics rated crazyhouse match"]
[Site "fics, Oklahoma City, OK USA"]
[Date "2000.02.12"]
[White "Thufir"]
[WhiteElo "2329"]
[Black "DrWaggles"]
[BlackElo "2086"]
[TimeControl "60+0"]
[Result "1-0"]

1. e4 e6 2. d4 Nf6 3. e5 Nd5 4. Nf3 d6 5. Be2 Nc6 6. O-O 
Be7 7. c4 Nb6 8. exd6 cxd6 9. Be3 e5 10. d5 Nb4 11. Nc3 P@g4 
12. Ne1 O-O 13. Bxg4 Bxg4 14. Qxg4 B@g6 15. P@f5 h5 16. Qd4 exd4 17. fxg6 
fxg6 18. Bxd4 P@e5 19. Bxb6 axb6 20. N@e6 Qe8 21. Nxf8 Qxf8 22. P@f7+ Kh8 
23. B@e6 B@h7 24. B@g8 N@h4 25. Bxh7 Kxh7 26. B@g3 Nf5 27. Bxf5 gxf5 28. P@e6 
B@e4 29. Nxe4 fxe4 30. B@g8+ Qxg8 31. fxg8=Q+ Rxg8 32. f3 B@e3+ 33. N@f2 N@e2+ 
34. Kh1 exf3 35. Nxf3 P@h3 36. P@g6+ Kxg6 37. Nxh3 P@f2 38. Bxf2 Bxf2 39. Nxf2 
B@e4 40. Nxe4 Kh7 41. P@g6+ Kxg6 42. B@f7+ Kh7 43. P@g6+ Kh8 44. R@h7# 
{DrWaggles checkmated} 1-0

[Event "fics rated crazyhouse match"]
[Site "fics, Oklahoma City, OK USA"]
[Date "2000.02.12"]
[White "olsson"]
[WhiteElo "2126"]
[Black "Thufir"]
[BlackElo "2345"]
[TimeControl "60+0"]
[Result "0-1"]

1. e4 e6 2. d4 Nc6 3. Nc3 Nf6 4. Bg5 Be7 5. Bxf6 Bxf6 6. Nf3 
d6 7. N@h5 O-O 8. Bb5 B@g5 9. Bxc6 bxc6 10. Nxf6+ Bxf6 11. N@h5 N@a6 
12. Nxf6+ gxf6 13. B@g5 fxg5 14. B@h6 B@f6 15. Qd2 N@g4 16. Nxg5 Nxh6 17. Nxe6 
Bxe6 18. Qxh6 B@g5 19. Qh5 B@g4 20. N@h6+ Kh8 21. P@g7+ Bxg7 22. Qxg5 Qxg5 
23. B@e3 P@f4 24. P@h4 Qh5 25. Nxg4 Bxg4 26. Bxf4 N@a4 27. O-O Nxc3 28. P@h6 
N@e2+ 29. Kh1 Nxf4 30. hxg7+ Kxg7 31. B@g5 f6 32. B@h6+ Kf7 33. Bxf4 P@f3 
34. N@g5+ fxg5 35. Bfxg5 fxg2+ 36. Kg1 N@e2+ 37. Kxg2 B@f3# 
{olsson checkmated} 0-1

[Event "fics rated crazyhouse match"]
[Site "fics, Oklahoma City, OK USA"]
[Date "2000.02.12"]
[White "Thufir"]
[WhiteElo "2349"]
[Black "olsson"]
[BlackElo "2122"]
[TimeControl "60+0"]
[Result "1-0"]

1. e4 e6 2. Nc3 Nf6 3. d4 d5 4. exd5 exd5 5. Bb5+ P@c6 6. Qe2+ 
Qe7 7. Bd3 Qxe2+ 8. Ngxe2 Bg4 9. P@e5 Bxe2 10. Bxe2 Ne4 11. Nxe4 dxe4 
12. B@f5 Bb4+ 13. N@c3 Bxc3+ 14. bxc3 N@h4 15. Bxe4 N@d5 16. B@g5 Ng6 17. Q@d8# 
{olsson checkmated} 1-0

[Event "fics rated crazyhouse match"]
[Site "fics, Oklahoma City, OK USA"]
[Date "2000.02.12"]
[White "olsson"]
[WhiteElo "2119"]
[Black "Thufir"]
[BlackElo "2352"]
[TimeControl "60+0"]
[Result "1-0"]

1. e4 e6 2. Nc3 Nc6 3. d4 Nf6 4. Bg5 Be7 5. Nf3 d6 6. Bb5 
O-O 7. Bxc6 bxc6 8. Bxf6 Bxf6 9. N@h5 B@g5 10. Nxf6+ Bxf6 11. N@h5 B@g5 
12. Nxf6+ Bxf6 13. B@e3 N@h4 14. Rg1 Ng6 15. B@g5 Bxg5 16. Bxg5 f6 17. Be3 
Ba6 18. B@d3 Bxd3 19. cxd3 B@a5 20. B@h5 B@g5 21. Bxg6 hxg6 22. Bxg5 fxg5 
23. h4 g4 24. Ng5 B@h6 25. B@h7+ Kh8 26. N@f7+ Rxf7 27. Nxf7+ Kxh7 28. Nxd8 
Rxd8 29. h5 B@d2+ 30. Kf1 gxh5 31. Rh1 Baxc3 32. bxc3 P@f3 33. B@g6+ Kxg6 
34. gxf3 B@g2+ 35. Kxg2 N@f4+ 36. Kg1 N@h3+ 37. Rxh3 Nxh3+ 38. Kh2 B@f4+ 39. P@g3 
R@f7 40. B@f5+ exf5 41. exf5+ Rxf5 42. N@h4+ Kf7 43. Q@g6+ Ke7 44. R@f7+ Ke8 
45. Qe6+ P@e7 46. Qxe7# 
{Thufir checkmated} 1-0

[Event "fics rated crazyhouse match"]
[Site "fics, Oklahoma City, OK USA"]
[Date "2000.02.12"]
[White "Firefly"]
[WhiteElo "2473"]
[Black "XXNoWay"]
[BlackElo "2353"]
[TimeControl "180+0"]
[Result "1-0"]

1. e4 e6 2. Nc3 Nf6 3. e5 Nd5 4. Nxd5 exd5 5. Nf3 Nc6 6. d4 
d6 7. Bb5 Be7 8. N@f4 dxe5 9. Nxe5 O-O 10. Bxc6 bxc6 11. Nxc6 Qd6 
12. Nxe7+ Qxe7+ 13. P@e5 B@g4 14. P@f3 Bgf5 15. Nxd5 Qe6 16. P@f6 Re8 17. N@e7+ 
Rxe7 18. Nxe7+ Qxe7 19. fxe7 Bce6 20. R@d8+ Rxd8 21. exd8=Q+ N@f8 22. R@e8 
{XXNoWay resigns} 1-0

[Event "fics rated crazyhouse match"]
[Site "fics, Oklahoma City, OK USA"]
[Date "2000.02.12"]
[White "XXNoWay"]
[WhiteElo "2348"]
[Black "Firefly"]
[BlackElo "2478"]
[TimeControl "180+0"]
[Result "0-1"]

1. e4 e6 2. Nc3 Nc6 3. Nf3 Nf6 4. Bb5 d5 5. e5 Ng4 6. O-O 
Bd7 7. d4 Be7 8. Bf4 f6 9. Bxc6 bxc6 10. h3 fxe5 11. dxe5 P@e4 
12. Nd4 Nxe5 13. Bxe5 B@f6 14. Bg3 e5 15. Bxe5 Bxe5 16. P@e6 Bxd4 17. exd7+ 
Qxd7 18. Qxd4 B@f6 19. P@e6 Qxe6 20. N@f4 Qd6 21. B@h5+ P@g6 22. Nxg6 hxg6 
23. Bxg6+ P@f7 24. N@f5 Bxd4 25. Nxd6+ Bxd6 26. Bxf7+ Kd8 27. P@e7+ Bxe7 28. B@e6 
P@d7 29. P@b7 Rb8 30. Q@c8+ Rxc8 31. bxc8=Q+ Kxc8 32. Bxd7+ Kxd7 33. P@e6+ Kc8 
34. P@a6 P@h2+ 35. Kh1 N@g3+ 36. fxg3 Q@g1+ 37. Rxg1 hxg1=Q+ 38. Rxg1 N@f2# 
{XXNoWay resigns} 0-1

[Event "fics rated crazyhouse match"]
[Site "fics, Oklahoma City, OK USA"]
[Date "2000.02.13"]
[White "Tecumseh"]
[WhiteElo "2277"]
[Black "Gobi"]
[BlackElo "2353"]
[TimeControl "180+0"]
[Result "0-1"]

1. e4 e5 2. Nf3 Nc6 3. Nc3 Bc5 4. Bc4 d6 5. d3 h6 6. h3 
Nf6 7. O-O O-O 8. Nh4 Be6 9. Nf5 Bxf5 10. exf5 N@g3 11. B@g6 d5 
12. Nxd5 Nxd5 13. Bxh6 N@e2+ 14. Kh2 Nxf1+ 15. Qxf1 fxg6 16. Qxe2 Rxf5 17. Bxg7 
Bxf2 18. P@h7+ Kxh7 19. N@g5+ Qxg5 20. Qxf2 P@g3+ 21. Qxg3 Qxg3# 
{Tecumseh resigns} 0-1

[Event "fics rated crazyhouse match"]
[Site "fics, Oklahoma City, OK USA"]
[Date "2000.02.13"]
[White "Gobi"]
[WhiteElo "2359"]
[Black "Tecumseh"]
[BlackElo "2271"]
[TimeControl "180+0"]
[Result "0-1"]

1. e4 Nc6 2. d4 d5 3. exd5 Qxd5 4. Nf3 Bg4 5. Be2 Rd8 6. Nc3 
Bxf3 7. Bxf3 Qxd4 8. Bxc6+ bxc6 9. Qxd4 Rxd4 10. Be3 P@d2+ 11. Kd1 B@h5+ 
12. P@f3 Bxf3+ 13. gxf3 P@g2 14. Bxd4 gxh1=Q+ 15. Kxd2 N@c4+ 16. Kd3 Qxf3+ 17. B@e3 
Nxb2+ 18. Kd2 R@d1+ 19. Rxd1 Nc4+ 20. Ke1 Q@g1+ 21. B@f1 Qxf1+ 22. Kxf1 Qh1+ 
23. Ke2 B@f3+ 24. Kd3 Qxd1+ 25. Nxd1 Nb2+ 26. Bxb2 P@c4+ 27. Kd2 R@d8+ 28. Kc3 
Bxd1 29. Kxc4 N@d6+ 30. Kc5 P@b6+ 31. Kxc6 P@b7+ 32. Kxc7 Rc8# 
{Gobi checkmated} 0-1

[Event "fics rated crazyhouse match"]
[Site "fics, Oklahoma City, OK USA"]
[Date "2000.02.13"]
[White "Tecumseh"]
[WhiteElo "2281"]
[Black "Gobi"]
[BlackElo "2349"]
[TimeControl "180+0"]
[Result "1-0"]

1. e3 d5 2. Nc3 Nf6 3. Nf3 Bg4 4. Be2 Nc6 5. d3 e5 6. h3 
Bh5 7. Nh4 Bg6 8. Nxg6 hxg6 9. B@g5 Be7 10. d4 exd4 11. exd4 N@f5 
12. P@e5 Ne4 13. Bxe7 Ncxe7 14. Nxe4 dxe4 15. B@g5 P@d3 16. cxd3 Nxd4 17. P@f6 
N@c2+ 18. Kf1 P@f3 19. fxe7 Qd5 20. dxe4 fxe2+ 21. Qxe2 Nxe2 22. Bce3 Qd3 
23. P@d7+ Kxd7 24. N@c5+ Kc8 25. Nxd3 Nxe3+ 26. Bxe3 B@b5 27. Q@f8+ Q@e8 28. Qxe8+ 
Rxe8 29. Q@d8+ Rxd8 30. exd8=Q+ Kxd8 31. P@e7+ Kxe7 32. N@d5+ Kf8 33. Rd1 Bxd3 
34. R@h8+ B@g8 35. N@h7+ Ke8 36. Rxg8+ Kd7 37. Rxd3 c6 38. Nb4# 
{Gobi forfeits on time} 1-0

[Event "fics rated crazyhouse match"]
[Site "fics, Oklahoma City, OK USA"]
[Date "2000.02.13"]
[White "Lomboc"]
[WhiteElo "2176"]
[Black "Tecumseh"]
[BlackElo "2291"]
[TimeControl "180+0"]
[Result "0-1"]

1. e4 Nc6 2. Nc3 Nf6 3. d4 d5 4. exd5 Nxd5 5. Nxd5 Qxd5 6. Nf3 
Bg4 7. Be2 Rd8 8. N@e3 Bxf3 9. Bxf3 Qxd4 10. Bxc6+ bxc6 11. Qxd4 Rxd4 
12. B@c3 B@g4 13. Bxd4 Q@e2# 
{Lomboc checkmated} 0-1

[Event "fics rated crazyhouse match"]
[Site "fics, Oklahoma City, OK USA"]
[Date "2000.02.13"]
[White "Tecumseh"]
[WhiteElo "2296"]
[Black "Lomboc"]
[BlackElo "2171"]
[TimeControl "180+0"]
[Result "0-1"]

1. e4 e6 2. d4 Nf6 3. e5 Nd5 4. Nc3 d6 5. Nf3 dxe5 6. dxe5 
Nc6 7. Bc4 Nxc3 8. Qxd8+ Nxd8 9. bxc3 Q@e4+ 10. Q@e2 Qxe2+ 11. Bxe2 N@e4 
12. Q@a4+ Q@c6 13. Bb5 Bd7 14. Bxc6 Bxc6 15. P@b5 Nxc3 16. bxc6 Nxc6 17. Qc4 
Nd5 18. O-O B@a6 19. B@b5 Bxb5 20. Qxb5 B@a6 21. Qxa6 bxa6 22. B@b7 Q@b5 
23. Bxa8 Qxf1+ 24. Kxf1 P@e2+ 25. Kxe2 Nc3+ 26. Kd2 R@d8+ 27. P@d6 Rxa8 28. B@b7 
Ne4+ 29. Ke1 B@c3+ 30. N@d2 Bxd6 31. Bxc6+ P@d7 32. Bxa8 O-O 33. Bxe4 Bdxe5 
34. Bxh7+ Kh8 35. R@g8+ Rxg8 36. Bxg8 R@h6 37. Bxf7 Bxd2+ 38. Bxd2 N@g8 39. Bxg8 
Bxa1 40. N@f7+ Kxg8 41. Nxh6+ gxh6 42. P@f7+ Kxf7 43. P@g6+ Ke7 44. Q@f7+ Kd6 
45. B@e5+ Kc6 46. N@d8+ Kb6 47. Q@b7+ Kc5 48. Bd4+ Kd6 49. R@c5 R@b1# 
{Tecumseh forfeits on time} 0-1

[Event "fics rated crazyhouse match"]
[Site "fics, Oklahoma City, OK USA"]
[Date "2000.02.13"]
[White "Lomboc"]
[WhiteElo "2182"]
[Black "Tecumseh"]
[BlackElo "2285"]
[TimeControl "180+0"]
[Result "1-0"]

1. e4 Nc6 2. Nc3 Nf6 3. d4 d5 4. exd5 Nxd5 5. Nxd5 Qxd5 6. Nf3 
Bg4 7. Be2 Rd8 8. P@e3 e5 9. dxe5 Qxd1+ 10. Bxd1 Rxd1+ 11. Kxd1 P@e2+ 
12. Kxe2 N@d4+ 13. exd4 Nxd4+ 14. Kd3 B@e2+ 15. Kd2 Nxf3+ 16. gxf3 N@c4+ 17. Kxe2 
Bxf3+ 18. Kxf3 P@e4+ 19. Kxe4 P@d5+ 20. Kd4 Q@c5+ 21. Kd3 Nxe5+ 22. Ke2 P@f3+ 
23. Ke1 Qxc2 24. Q@c8+ Ke7 25. N@f5+ Qxf5 26. Qxf5 N@d3+ 27. Kd2 P@e6 28. B@a3+ 
Kd7 29. B@b5+ c6 30. Bxf8 Rxf8 31. Bxd3 exf5 32. Bxf5+ B@e6 33. N@c5# 
{Tecumseh forfeits on time} 1-0

[Event "fics rated crazyhouse match"]
[Site "fics, Oklahoma City, OK USA"]
[Date "2000.02.13"]
[White "Tecumseh"]
[WhiteElo "2275"]
[Black "Lomboc"]
[BlackElo "2192"]
[TimeControl "180+0"]
[Result "1-0"]

1. e4 Nf6 2. e5 Nd5 3. Nc3 Nxc3 4. dxc3 d6 5. Nf3 e6 6. Bf4 
N@d5 7. Bg5 Be7 8. Bxe7 Qxe7 9. N@h5 Rg8 10. Bc4 B@g6 11. Nxg7+ Rxg7 
12. Bxd5 dxe5 13. P@f6 Qxf6 14. B@g5 Qf5 15. Bxb7 P@d3 16. Bxa8 e4 17. R@d8# 
{Lomboc checkmated} 1-0